 Dungeon Crawl Stone Soup version 0.28.0-53-g5a82cb258f (webtiles) character file.

Game seed: 7646126938667367844

1 Nyth the Ruffian (level 1, -1/16 HPs)
             Began as a Draconian Transmuter on Aug 3, 2022.
             Frozen to death by an endoplasm (2 damage)
             ... on level 1 of the Dungeon.
             The game lasted 00:02:33 (141 turns).

Nyth the Ruffian (Draconian Transmuter)              Turns: 141, Time: 00:02:44

Health: -1/16      AC:  4    Str: 12    XL:     1   Next: 16%
Magic:  3/3        EV: 12    Int: 13    God:
Gold:   0          SH:  0    Dex: 11    Spells: 3/4 levels left

rFire   . . .      SeeInvis .     - Unarmed
rCold   . . .      Faith    .   (no shield)
rNeg    . . .      Spirit   .   (armour unavailable)
rPois   .          Reflect  .   (helmet restricted)
rElec   .          Harm     .   (no cloak)
rCorr   .          Rampage  .   (no gloves)
Will    .....                   (no boots)
Stlth   +.........              (no amulet)
HPRegen 0.05/turn               (no ring)
MPRegen 0.08/turn               (no ring)

@: slowed, very slow
A: AC +4, unfitting armour, cold-blooded
a: no special abilities


You were on level 1 of the Dungeon.
You visited 1 branch of the dungeon, and saw 1 of its levels.

You aren't carrying anything.


   Skills:
 + Level 1.1 Fighting
 + Level 1.9 Dodging
 + Level 3.0 Unarmed Combat
 + Level 2.0 Spellcasting
 + Level 2.0 Transmutations


You had 3 spell levels left.
You knew the following spells:

 Your Spells              Type           Power      Damage    Failure   Level
a - Beastly Appendage     Tmut           12%        N/A       11%         1

Your spell library contained the following spells:

 Spells                   Type           Power      Damage    Failure   Level
 Wereblood                Tmut           6%         N/A       17%         2
 Spider Form              Tmut/Pois      3%         N/A       45%         3
 Ice Form                 Ice/Tmut       3%         N/A       86%         4


Dungeon Overview and Level Annotations

Branches:
Dungeon (1/15)

Altars:


Innate Abilities, Weirdness & Mutations

Your plain brown scales are hard. (AC +4)
You cannot fit into any form of body armour.
You are cold-blooded and may be slowed by cold attacks.


Message History

You closely miss the goblin. The goblin hits you but does no damage.
You closely miss the goblin. You miss the goblin.
Your tail-slap misses the goblin.
The goblin hits you but does no damage.
The endoplasm hits you but does no damage.
You hit the goblin but do no damage. The goblin barely misses you.
The endoplasm hits you but does no damage.
The hobgoblin closely misses you.
You hit the goblin but do no damage. The goblin barely misses you.
The endoplasm closely misses you. The hobgoblin barely misses you.
You hit the goblin.
The goblin is heavily wounded.
The goblin barely misses you. The endoplasm freezes you.
You are frozen.
You feel yourself slow down. The hobgoblin barely misses you.
You barely miss the goblin. You tail-slap the goblin.
The goblin is severely wounded.
You feel yourself speed up. The goblin closely misses you.
The endoplasm barely misses you. The hobgoblin hits you.
The goblin barely misses you.
You barely miss the goblin.
The goblin is severely wounded.
The hobgoblin hits you but does no damage.
The endoplasm hits you but does no damage.
You hit the goblin.
You kill the goblin!
The hobgoblin barely misses you. The endoplasm misses you.
The hobgoblin closely misses you. The endoplasm closely misses you.
Things that are here:
a +0 dagger; a goblin corpse The hobgoblin hits you but does no damage.
The endoplasm freezes you.
You are frozen.
You feel yourself slow down. The hobgoblin hits you. The endoplasm freezes you.
You are frozen.
* * * LOW HITPOINT WARNING * * *
The endoplasm freezes you.
You are frozen.
You die...

# ### .#
#.. ..# #.#
...#
###.##.....
+.g@Jw.....
###.###....
#.......#
#.......#
#.......#
#.####+##
#.# . #.# .
##### #.#
.#


You could see a dart slug, an endoplasm and a hobgoblin.

Vanquished Creatures
  A goblin (D:1)
1 creature vanquished.

Notes
Turn   | Place    | Note
-------+----------+-------------------------------------------
     0 | D:1      | Nyth the Draconian Transmuter began the quest for the Orb.
     0 | D:1      | Reached XP level 1. HP: 16/16 MP: 3/3
   141 | D:1      | Frozen to death by an endoplasm

Illustrated notes

Levels and vault maps discovered:
D:1:      wheals_arrival_linesprint, layout_basic

Action                   || total
-------------------------++-------
Melee: Unarmed           ||     9
       Tailslap          ||     1
Armor: Skin              ||     7
Dodge: Dodged            ||    14
